Map: Expreso hacia la extinción

Players

Jaencio

  • Race: Zerg Zerg

Madmouse

  • Race: Terran Terran
  • Spawn Location: 0:00

VOD

Have the link to the VOD?

Description

Time

  • Played on: May 17, 2025, 12:47 p.m.
  • Length: 24:50
Show
View Real Time Build Order
Export as new Build Order

Jaencio Zerg 

Build Orders:  

Get SALT Encoding   

  12  0:03  Drone  
  13  0:21  Overlord  
  13  0:34  Drone  
  14  0:50  Drone x3  
  14  0:51  Drone x3  
  20  1:03  Drone  
  21  1:12  Drone  
  22  1:30  Extractor x2, Drone  
  22  1:31  Drone  
  22  1:41  Overlord  
  22  1:47  Hatchery  
  21  1:52  Drone  
  22  2:09  Drone  
  14  2:10  Drone  
  23  2:13  Drone  
  25  2:25  Spawning Tool  
  24  2:38  Drone x2  
  26  2:41  Drone  
  27  2:56  Zergling x4  
  29  3:00  Zergling x2  
  29  3:04  Zergling x2  
  31  3:19  Zergling x6  
  31  3:21  Zergling x2  
  35  3:41  Drone  
  35  3:45  Overlord x2  
  36  4:01  Infestation Pit  
  36  4:02  Drone  
  36  4:03  Hydralisk Den  
  35  4:50  Hatchery  
  35  4:53  Extractor  
  33  5:00  Extractor  
  33  5:03  Muscular Augments, Erudition Missile Launchers  
  33  5:05  Metabolic Boost  
  33  5:08  Drone  
  33  5:09  Drone  
  34  5:11  Drone  
  35  6:08  Hardened Ergonergy Shield  
  35  6:13  Hydralisk x3  
  35  6:14  Hydralisk x3  
  47  6:20  Drone x2  
  48  6:49  Drone x6  
  54  6:50  Drone x2  
  56  7:03  Evolution Chamber  
  56  7:09  Evolution Chamber  
  54  7:29  Overlord  
  54  7:30  Overlord x3  
  54  7:59  Drone  
  55  8:00  Drone x8  
  55  8:01  Drone  
  64  8:21  Hydralisk  
  64  8:29  Zergling  
  66  8:44  Zerg Melee Weapons Level 1, Zerg Missile Weapons Level 1  
  66  8:45  Zerg Ground Armor Level 1  
  66  9:30  Adrenal Glands  
  66  9:32  Tyr-Class Targeting System  
  66  9:36  Drone x4  
  66  9:37  Drone x3  
  66  9:39  Zergling  
  73  9:46  Ultralisk Cavern  
  73  9:48  Baneling Nest  
  70  10:21  Anti-Centripetal Rocket Servos, Egonergy Enhanced Explosives  
  70  10:56  Overseer x3  
  70  10:57  Zergling  
  70  10:58  Overlord x4  
  70  10:59  Overlord  
  70  11:08  Zergling  
  70  11:09  Zergling  
  70  11:10  Zergling x2  
  70  11:11  Zergling  
  70  11:12  Zergling  
  70  11:20  Egonergy Efficient Barrier  
  70  11:30  Zergling x4  
  70  11:31  Zergling  
  70  11:32  Zergling x5  
  70  11:34  Ultralisk x6  
  105  11:49  Zergling  
  103  12:16  Hydralisk  
  103  12:17  Hydralisk x8, Zergling x2  
  119  12:21  Hydralisk  
  119  12:32  Ultralisk  
  119  12:37  Zergling  
  119  12:38  Zergling  
  123  12:41  Zergling, Zerg Melee Weapons Level 2, Zerg Missile Weapons Level 2  
  123  12:42  Zerg Ground Armor Level 2  
  123  12:47  Electrostatic Surprise  
  123  12:48  Zergling  
  123  12:51  Mecha Mooch Module  
  120  13:42  Zergling  
  120  13:48  Ultralisk x2  
  129  13:58  Zergling  
  129  14:06  Hydralisk  
  129  14:19  Overlord x4  
  128  14:20  Overlord  
  128  14:22  Hydralisk  
  128  14:25  Zergling  
  129  14:36  Hydralisk  
  129  14:37  Hydralisk  
  129  14:57  Zergling x2  
  129  14:58  Zergling x34  
  147  15:11  Zergling  
  147  15:19  Zergling x2  
  147  15:20  Zergling x10  
  150  15:43  Zergling  
  150  15:55  Zergling  
  150  15:57  Zergling x3  
  150  15:58  Zergling x5  
  150  15:59  Hydralisk x5, Zergling x5  
  160  16:01  Overlord x3  
  160  16:02  Overlord x2  
  153  16:31  Zergling  
  153  16:53  Zergling  
  153  16:55  Zergling  
  153  16:56  Zergling  
  153  16:58  Zergling  
  153  17:01  Zergling  
  153  17:03  Zergling  
  153  17:04  Hydralisk  
  153  17:08  Zergling  
  153  17:09  Zergling  
  153  17:11  Zergling  
  153  17:12  Zergling  
  153  17:13  Zergling  
  151  17:27  Zergling  
  151  17:29  Zergling  
  148  17:31  Zerg Missile Weapons Level 3, Zerg Melee Weapons Level 3, Zerg Ground Armor Level 3  
  148  17:34  Chitanium Plating  
  148  17:35  Zergling  
  148  17:38  Hydralisk x4  
  148  17:39  Hydralisk x12  
  176  17:43  Extractor  
  176  17:44  Hatchery  
  168  17:51  Zergling  
  168  17:58  Zergling  
  166  18:06  Zergling x2  
  166  18:07  Zergling x10  
  173  18:10  Overlord x3  
  173  18:13  Overseer x3  
  171  19:00  Zergling  
  171  19:07  Drone x6  
  171  19:08  Drone x15  
  192  19:12  Overlord  
  192  19:15  Zergling  
  192  19:16  Hydralisk, Zergling  
  192  19:31  Zergling  
  192  19:35  Ultralisk  
  197  20:07  Zergling  
  197  20:14  Zergling x2  
  197  20:15  Zergling x4  
  197  20:17  Zergling  
  200  20:23  Pneumatized Carapace  
  200  20:24  Zergling  
  200  20:31  Zergling  
  199  20:43  Zergling x2  
  198  21:30  Zergling  
  198  21:31  Zergling x2  
  198  21:34  Zergling  
  199  21:50  Zergling  
  199  21:52  Zergling  
  199  22:17  Zergling  
  135  22:20  Zergling x3  
  198  22:22  Zergling x7  
  198  22:23  Zergling x2  
  198  22:24  Hydralisk  
  198  22:27  Zergling  
  198  22:28  Zergling  
  198  22:29  Zergling  
  197  22:30  Zergling  
  197  22:32  Zergling  
  168  22:57  Zergling  
  168  22:59  Hydralisk x4  
  169  23:00  Hydralisk x10  
  169  23:01  Hydralisk x2  
  169  23:02  Zergling  
  169  23:06  Zergling  
  193  23:25  Zergling  
Show
View Real Time Build Order
Export as new Build Order

Madmouse Terran 

Build Orders:  

Get SALT Encoding   

  12  0:04  SCV  
  13  0:18  SCV  
  14  0:34  Supply Depot  
  14  0:36  SCV  
  15  1:04  SCV  
  16  1:11  Factory  
  16  1:17  SCV  
  16  1:18  Refinery  
  17  1:31  SCV  
  18  1:44  SCV  
  19  1:57  Refinery  
  19  1:58  SCV  
  20  2:07  Supply Depot  
  20  2:12  SCV  
  21  2:20  Factory Tech Reactor  
  21  2:25  SCV  
  22  2:34  Perdition Turret  
  22  2:39  SCV  
  23  2:52  Perdition Turret, SCV  
  23  2:56  Hellbat  
  24  3:05  Infernal Pre-Igniter  
  26  3:10  SCV  
  27  3:27  Hellbat  
  27  3:32  Goliath  
  31  3:50  Supply Depot  
  31  4:05  Multi-Lock Weapons System  
  31  4:20  SCV  
  31  4:29  Siege Tank  
  35  4:33  SCV  
  36  4:55  Command Center  
  36  5:09  Goliath  
  38  5:19  SCV  
  39  5:35  Ares-Class Targeting System  
  39  6:07  Siege Tank  
  39  6:14  Devastation Turret  
  39  6:27  Supply Depot  
  39  6:35  Goliath, Siege Tank  
  44  6:46  SCV  
  45  7:00  SCV  
  45  7:09  Devastation Turret  
  46  7:13  SCV  
  46  7:18  Engineering Bay  
  47  7:22  Armory  
  47  7:27  SCV  
  48  7:40  SCV  
  48  7:41  Devastation Turret  
  49  7:54  SCV  
  50  8:08  SCV  
  51  9:21  Spinning Dizzy  
  51  9:23  Goliath, Siege Tank  
  56  9:30  SCV  
  56  9:37  Refinery  
  57  9:42  Spinning Dizzy  
  57  9:44  SCV  
  58  9:55  Cyclone  
  58  9:58  SCV  
  62  10:07  Refinery  
  62  10:11  Terran Vehicle and Ship Weapons Level 1  
  62  10:35  Maelstrom Rounds  
  62  10:36  Starport  
  62  10:37  Starport  
  62  10:53  Devastation Turret  
  62  11:19  Supply Depot  
  62  11:21  Spinning Dizzy  
  62  11:35  Infernal Plating  
  62  11:38  Supply Depot  
  62  11:42  Hi-Sec Auto Tracking  
  62  11:49  SCV x2, Thor  
  70  11:51  Perdition Turret, Supply Depot  
  70  11:57  Starport Tech Reactor x2  
  70  12:08  Goliath, SCV x2  
  70  12:09  Supply Depot  
  74  12:21  SCV x2  
  76  12:35  SCV  
  76  12:37  Goliath  
  79  12:40  Goliath  
  79  12:41  Supply Depot  
  79  12:43  Devastation Turret  
  79  12:44  Science Vessel  
  79  12:47  Perdition Turret  
  79  12:48  SCV  
  87  12:51  Terran Vehicle And Ship Armor Level 1  
  87  12:55  Wraith, Science Vessel  
  88  13:09  Goliath  
  90  13:12  Cyclone  
  90  13:13  Supply Depot  
  93  13:36  Structure Armor  
  93  13:41  Goliath  
  93  13:42  Hellbat  
  93  13:44  Devastation Turret  
  97  13:59  Supply Depot  
  97  14:04  Wraith  
  99  14:12  Goliath  
  99  14:13  Spinning Dizzy, Siege Tank  
  104  14:31  Supply Depot  
  104  14:33  Devastation Turret  
  104  14:35  Devastation Turret  
  104  14:36  Fire-Suppression Systems  
  104  14:44  Cyclone  
  107  14:59  Goliath  
  109  15:02  Devastation Turret  
  109  15:10  Siege Tank x2  
  109  15:11  Siege Tank  
  109  15:20  Siege Tank  
  112  15:31  Cyclone, Wraith x2  
  112  15:32  Wraith, Science Vessel  
  123  15:50  Hellbat  
  125  16:11  Regenerative Bio-Steel  
  125  16:13  KMC Auto-Loaders  
  125  16:16  SCV  
  126  16:31  Supply Depot  
  126  17:01  Hellion, SCV, Goliath  
  126  17:03  Supply Depot  
  131  17:15  SCV  
  132  17:34  Supply Depot  
  132  17:41  Advanced Optics  
  132  18:08  Wraith x2  
  132  18:09  Wraith x2  
  140  18:12  Goliath  
  140  18:13  Siege Tank  
  145  18:44  Cyclone  
  145  18:48  Science Vessel  
  150  19:40  Hellbat  
  150  19:46  Hellion  
  150  20:24  Supply Depot  
  150  20:25  Supply Depot  
  150  20:27  Supply Depot  
  150  20:44  Goliath  
  148  20:54  Thor  
  148  20:57  Supply Depot  
  154  21:16  Goliath  
  144  21:42  Cyclone  
  144  21:44  SCV  
  144  21:48  Siege Tank  
  144  21:57  SCV  
  143  22:11  SCV  
  143  22:18  Goliath, Hellbat  
  146  22:24  SCV  
  149  22:38  SCV  
  150  22:52  SCV  
  151  23:05  SCV  
  152  23:19  SCV  
  153  23:32  SCV  
Tags
 
Add a new tag
Caveats
  • Supply blocks, unpowered buildings, or Contaminate may cause inaccurate times.
  • Supply counts are checked every 10 seconds.